 Dungeon Crawl Stone Soup version 0.28.0-53-g5a82cb258f (webtiles) character file.

Game seed: 10601362247131711029

12 Infinimo the Caller (level 2, 0/15 HPs)
             Began as a Deep Elf Summoner on June 5, 2022.
             Succumbed to an adder's poison
             ... on level 2 of the Dungeon.
             The game lasted 00:02:22 (1031 turns).

Infinimo the Caller (Deep Elf Summoner)             Turns: 1031, Time: 00:02:23

Health: 0/15       AC:  2    Str:  5    XL:     2   Next: 20%
Magic:  6/8        EV: 13    Int: 19    God:
Gold:   50         SH:  0    Dex: 15    Spells: 4/7 levels left

rFire   . . .      SeeInvis .   (no weapon)
rCold   . . .      Faith    .   (no shield)
rNeg    . . .      Spirit   .   a - +0 robe
rPois   .          Reflect  .   (no helmet)
rElec   .          Harm     .   (no cloak)
rCorr   .          Rampage  .   (no gloves)
Will    .....                   (no boots)
Stlth   ++........              (no amulet)
HPRegen 0.05/turn               (no ring)
MPRegen 0.11/turn               (no ring)

@: lethally poisoned (0 -> -6), hasted, very quick
A: no striking features
a: no special abilities


You were on level 2 of the Dungeon.
You visited 1 branch of the dungeon, and saw 2 of its levels.

You collected 50 gold pieces.

Inventory:

Armour
 a - a +0 robe (worn)
Scrolls
 b - 2 scrolls of identify {unknown}
 c - a scroll of blinking {unknown}
 e - a scroll of teleportation {unknown}
 g - a scroll of brand weapon {unknown}
Potions
 d - a potion of haste
 f - a potion of mutation {unknown}


   Skills:
 + Level 2.7 Dodging
 + Level 2.8 Stealth
 + Level 3.3 Spellcasting
 + Level 4.5 Summonings


You had 4 spell levels left.
You knew the following spells:

 Your Spells              Type           Power      Damage    Failure   Level
a - Summon Small Mammal   Summ           80%        N/A       2%          1
b - Call Imp              Summ           20%        N/A       3%          2

Your spell library contained the following spells:

 Spells                   Type           Power      Damage    Failure   Level
 Call Canine Familiar     Summ           20%        N/A       7%          3
 Summon Guardian Golem    Hex/Summ       11%        N/A       17%         3
 Summon Lightning Spire   Summ/Air       11%        N/A       50%         4


Dungeon Overview and Level Annotations

Branches:
Dungeon (2/15)

Altars:

Shops:
D:1 (:(:[


Message History

An adder is nearby!
An adder is nearby!
An adder is nearby!
Casting: Call Imp (safe; 3% risk of failure)
Confirm with . or Enter, or press ? or * to list all spells.
A beastly little devil appears in a puff of flame.
Your crimson imp says, "I bow to your service, my grandiloquent and greatest ban!"
Your crimson imp hits the adder.
The adder hisses angrily.
Your crimson imp barely misses the adder.
Your crimson imp blinks!
Your crimson imp misses the adder.
The adder bites you.
Your crimson imp hits the adder.
The adder closely misses you.
Your crimson imp barely misses the adder.
The adder barely misses you. The adder bites you.
Your crimson imp blinks!
Casting: Call Imp (safe; 3% risk of failure)
Confirm with . or Enter, or press ? or * to list all spells.
A beastly little devil appears in a puff of flame.
The adder closely misses you.
You swap places.
The adder bites you but does no damage. x2
Your crimson imp barely misses the adder.
Your crimson imp barely misses the adder.
You hit the adder.
The adder is severely wounded.
The adder bites you.
Your crimson imp closely misses the adder.
The adder barely misses you.
You hit the adder.
The adder is almost dead.
The adder bites you.
* * * LOW HITPOINT WARNING * * *
You are lethally poisoned!
The adder poisons you!
Your crimson imp closely misses the adder.
Unknown command.
It was a potion of haste.
You feel yourself speed up.
You die...

#.............#.....#
#..........(..#.###.#
#.........#<.##.# #.#
######'#........# #.#
#.#.....######.#
#.#(...........#
#.#.##.##5######
#.#.##.##S#
#...##...@#
###########


You could see an adder (ally target) and a friendly crimson imp (summoned).

Vanquished Creatures (collateral kills)
  4 goblins (D:1)
  A hobgoblin (D:1)
  A bat (D:1)
  A frilled lizard (D:1)
  3 kobolds (D:1)
  2 rats (D:1)
12 creatures vanquished.

Notes
Turn   | Place    | Note
-------+----------+-------------------------------------------
     0 | D:1      | Infinimo the Deep Elf Summoner began the quest for the Orb.
     0 | D:1      | Reached XP level 1. HP: 10/10 MP: 6/6
    95 | D:1      | Found Edduph's Antique Weapon Shoppe.
   264 | D:1      | Found Roesi's Armour Boutique.
   314 | D:1      | Found Cepoca's Book Emporium.
   336 | D:1      | Reached XP level 2. HP: 15/15 MP: 5/8
   339 | D:1      | Learned a level 2 spell: Call Imp
   375 | D:1      | Found Lohui's Book Shoppe.
   380 | D:1      | Found Folitiw's Antique Weapon Shoppe.
   817 | D:1      | Noticed a shining eye
   819 | D:1      | Found a faded altar of an unknown god.
   827 | D:1      | Noticed an eye of devastation
   830 | D:1      | Noticed a shining eye
   852 | D:1      | Noticed a floating eye
  1031 | D:2      | Succumbed to an adder's poison

Illustrated notes

Levels and vault maps discovered:
D:1:      roderic_chinese_lattice_arrival, layout_loops_ring,
          hellmonk_ecumenical_altar_watching_god, serial_shops, shop, shop,
          nicolae_diamond_shop, nicolae_shop_overgrown_old_shop, shop
D:2:      layout_basic

Action                   || total
-------------------------++-------
Melee: Unarmed           ||     3
 Cast: Summon Small Mamm ||    18
       Call Imp          ||     5
  Use: Potion            ||     1
Armor: Robe              ||     7
Dodge: Dodged            ||    17
